 Dungeon Crawl Stone Soup version 0.24.0-123-gd5b16e6ec5 (webtiles) character file.

Game seed: 7530193127278520457, levelgen mode: deterministic

63 FishyPogo the Grave Robber (level 3, -3/24 HPs)
             Began as a Demonspawn Necromancer on Jan 28, 2020.
             Slain by a worker ant (4 damage)
             ... on level 4 of the Dungeon.
             The game lasted 00:09:57 (1401 turns).

FishyPogo the Grave Robber (Demonspawn Necromancer) Turns: 1401, Time: 00:09:58

Health: -3/24      AC:  2    Str:  8    XL:     3   Next: 87%
Magic:  4/6        EV: 12    Int: 17    God:
Gold:   162        SH:  0    Dex: 13    Spells: 4/6 levels left

rFire    . . .     SeeInvis .   b - +0 dagger (protect)
rCold    . . .     Gourm    .   (no shield)
rNeg     . . .     Faith    .   r - +0 robe
rPois    .         Spirit   .   (no helmet)
rElec    .         Reflect  .   (no cloak)
rCorr    .         Harm     .   (no gloves)
MR       .....                  (no boots)
Stlth    ++........             (no amulet)
HPRegen  0.08/turn              (no ring)
MPRegen  0.10/turn              (no ring)

@: lethally poisoned (-3 -> -16)
A: talons 1
a: no special abilities


You were on level 4 of the Dungeon.
You were not hungry.

You visited 1 branch of the dungeon, and saw 4 of its levels.

You collected 162 gold pieces.

Inventory:

Hand Weapons
 a - a +0 hunting sling
 b - a +0 dagger of protection (weapon)
 l - a +0 hand axe of flaming
Missiles
 g - 70 stones
 h - 4 javelins (quivered)
 u - 13 poisoned darts
 x - 14 sling bullets
Armour
 r - a +0 robe (worn)
Jewellery
 p - an uncursed ring of ice
Wands
 w - a wand of random effects (8)
 y - a wand of acid (11)
Scrolls
 f - 2 scrolls of teleportation {unknown}
 k - 2 scrolls of fear {unknown}
 o - 2 scrolls of random uselessness {unknown}
 s - 2 scrolls of remove curse {unknown}
 t - a scroll of amnesia {unknown}
Potions
 e - 3 potions of heal wounds {unknown}
 i - a potion of magic {unknown}
 j - a potion of agility {unknown}
 m - a potion of flight {unknown}
 n - 2 potions of degeneration {unknown}
 q - a potion of brilliance {unknown}
 v - a potion of cancellation {unknown}
Comestibles
 c - 4 rations


   Skills:
 - Level 1.7 Dodging
 - Level 1.7 Stealth
 - Level 2.0 Spellcasting
 + Level 6.1 Necromancy


You had 4 spell levels left.
You knew the following spells:

 Your Spells              Type           Power        Failure   Level  Hunger
a - Pain                  Necr           ###.         1%          1    #......
y - Animate Skeleton      Necr           N/A          1%          1    #......

Your spell library contained the following spells:

 Spells                   Type           Power        Failure   Level  Hunger
 Vampiric Draining        Necr           ###.......   4%          3    ###....
 Animate Dead             Necr           N/A          16%         4    #####..
 Regeneration             Chrm/Necr      ##........   17%         3    ###....
 Magic Dart               Conj           #...         19%         1    #......
 Blink                    Tloc           N/A          28%         2    ###....
 Call Imp                 Summ           #.......     28%         2    ###....
 Slow                     Hex            #.......     28%         2    ###....
 Conjure Flame            Conj/Fire      #.......     50%         3    ###....
 Mephitic Cloud           Conj/Pois/Air  #.......     50%         3    ###....


Dungeon Overview and Level Annotations

Branches:
Dungeon (3/15)

Altars:
Cheibriados
Zin

Annotations:
D:3 1 runed translucent door, Crazy Yiuf


Innate Abilities, Weirdness & Mutations

You have sharp toenails.


Message History

The javelin closely misses the worker ant.
The javelin pierces through the orc but does no damage.
The orc is severely wounded.
You feel sick. The worker ant bites you.
* * * LOW HITPOINT WARNING * * *
You are more poisoned.
The worker ant poisons you! The worker ant barely misses you.
Throwing (i - inventory. (/) - cycle)
h - 5 javelins (quivered)
Press: ? - help, Shift-Dir - straight line, f/p - worker ant
Aim: a worker ant (lightly wounded)
You throw a javelin.
The javelin pierces through the worker ant but does no damage.
The worker ant is lightly wounded.
The javelin pierces through the orc.
The orc is almost dead.
* * * LOW HITPOINT WARNING * * *
You feel sick. The worker ant bites you.
* * * LOW HITPOINT WARNING * * *
The worker ant bites you.
You die...

## ### ###
#.####.###.#
#.@ao#.....#
#.##)#.###.###
#.#....#.....###.#
#.#..#######.....#
#.#.....# #######
#.#......#
#.#)...###
#...(... ...##)##


You could see a worker ant and an orc.

Vanquished Creatures
  2 adders (D:2)
  A worm (D:2)
  A leopard gecko (D:2)
  5 orcs
  5 bats
  2 goblins
  4 hobgoblins
  5 kobolds
  2 quokkas (D:2)
  5 rats
32 creatures vanquished.

Vanquished Creatures (collateral kills)
  A bat (D:1)
  2 kobolds
3 creatures vanquished.

Grand Total: 35 creatures vanquished

Notes
Turn   | Place    | Note
-------+----------+-------------------------------------------
     0 | D:1      | FishyPogo the Demonspawn Necromancer began the quest for
                  | the Orb.
     0 | D:1      | Reached XP level 1. HP: 13/13 MP: 3/3
    56 | D:1      | Learned a level 1 spell: Animate Skeleton
   335 | D:1      | Gained mutation: You have sharp toenails. [demonic
                  | ancestry]
   335 | D:1      | Reached XP level 2. HP: 12/19 MP: 3/5
   466 | D:1      | Reached skill level 5 in Necromancy
   657 | D:2      | Reached XP level 3. HP: 24/24 MP: 4/6
  1016 | D:2      | Found a glowing silver altar of Zin.
  1017 | D:2      | Noticed an angel
  1106 | D:3      | Found a runed translucent door.
  1107 | D:3      | Noticed Crazy Yiuf
  1184 | D:3      | Found a snail-covered altar of Cheibriados.
  1297 | D:3      | Reached skill level 6 in Necromancy
  1375 | D:3      | You fall into a shaft and drop 1 floor!
  1401 | D:4      | HP: 1/24 [worker ant (3)]
  1401 | D:4      | Slain by a worker ant

Levels and vault maps discovered:
D:1:      lightli_arrival_isolated_outpost, layout_rooms
D:2:      layout_basic, zin_angel, first_ration
D:3:      layout_basic, nicolae_overflow_crystal_walls, cheibriados_altar_1,
          uniq_crazy_yiuf_cottage
D:4:      layout_basic, minivault_11, st_stairs_1

Skill      XL: |  1  2  3 |
---------------+----------+-----
Necromancy     | 5 6 |  6.1
Dodging        | |  1.7
Stealth        | |  1.7
Spellcasting   | |  2.0

Action                   || total
-------------------------++-------
Melee: Unarmed           ||    11
       Dagger            ||     8
       Kick              ||     4
       Hand axe          ||     6
 Fire: Hunting sling     ||    55
Throw: Javelin           ||     3
       Stone             ||     3
 Cast: Pain              ||    29
       Animate Skeleton  ||     8
  Eat: Chunk             ||     2
Armor: Robe              ||     5
Dodge: Dodged            ||    25
